 Dungeon Crawl Stone Soup version 0.17-a0-1793-gcbb3aa1 (webtiles) character file.

41 abixa the Ruffian (level 3, 31/31 HPs)
             Began as a Ghoul Monk on Sept 9, 2015.
             Was a Believer of Yredelemnul.
             Quit the game on level 2 of the Dungeon.
             The game lasted 00:02:06 (587 turns).

abixa the Ruffian (Ghoul Monk)                       Turns: 587, Time: 00:02:07

Health: 31/31      AC:  2    Str: 14    XL:     3   Next: 52%
Magic:  2/2        EV: 12    Int:  5    God:    Yredelemnul [**....]
Gold:   74         SH:  0    Dex: 12    Spells: 0 memorised, 2 levels left

rFire  . . .     SeeInvis .       - Unarmed
rCold  + . .     Clarity  .     a - +0 robe
rNeg   + + +     SustAt   .     (no shield)
rPois  ∞         Gourm    .     (no helmet)
rElec  .         Spirit   .     (no cloak)
rCorr  .         Warding  .     (no gloves)
rMut   .         Stasis   .     (no boots)
MR     .....                    c - amulet of rage
Stlth  ++........               (no ring)
                                (no ring)

@: rotting, not resistant to hostile enchantments, unstealthy
A: rotting body, claws 1, carnivore 3, cold resistance 1, negative energy
resistance 3, slow healing 1, torment resistance, unbreathing
a: Animate Remains, Recall Undead Slaves, Injury Mirror, Renounce Religion


You were on level 2 of the Dungeon.
You worshipped Yredelemnul.
Yredelemnul was pleased with you.
You were not hungry.

You visited 1 branch of the dungeon, and saw 2 of its levels.

You collected 74 gold pieces.

Inventory:

Missiles
 h - 11 poisoned needles
 j - 18 stones (quivered)
Armour
 a - a +0 robe (worn)
Jewellery
 c - an amulet of rage (around neck)
Scrolls
 e - a scroll of random uselessness {unknown}
 i - a scroll of enchant weapon {unknown}
 k - a scroll of amnesia {unknown}
 m - a scroll of remove curse {unknown}
 n - 2 scrolls of recharging {unknown}
 o - a scroll of identify {unknown}
Potions
 d - a potion of ambrosia {unknown}
 g - 2 potions of curing {unknown}
Comestibles
 b - 4 meat rations
 f - a chunk of flesh
 l - a beef jerky


   Skills:
 - Level 3.2 Fighting
 - Level 2.6 Dodging
 - Level 2.1 Stealth
 + Level 5.7 Unarmed Combat


You had 2 spell levels left.
You didn't know any spells.

Dungeon Overview and Level Annotations

Branches:
Dungeon (2/15)

Altars:
Yredelemnul


Innate Abilities, Weirdness & Mutations

Your body is rotting away.
You thrive on raw meat.
You are immune to poison.
You have sharp fingernails.
You are carnivorous and can eat meat at any time.
Your flesh is cold resistant.
You are immune to negative energy.
You heal slowly when monsters are visible.
You are immune to unholy pain and torment.
You can survive without breathing.


Message History

A ball python comes into view.
You miss the giant newt. The giant newt barely misses you.
You scratch the giant newt.
You kill the giant newt!
Found a faded altar to an unknown god.
Found an escape hatch in the ceiling.
The helpless ball python fails to defend itself.
You claw the ball python!
You kill the ball python!
No target in view!
No target in view!
No target in view!
No target in view!
There is a faded altar to an unknown god here.
This altar will convert you to a god.
You cannot discern which.
Do you pray?
Okay, then.
This altar will convert you to a god.
You cannot discern which.
Do you pray? Yredelemnul accepts your prayer! Yredelemnul welcomes you!
You can now animate remains.
You can now recall your undead slaves and mirror injuries on your foes.
Are you sure you want to abandon this character and quit the game? (Confirm with "yes".)

#...... #...... #########
......####....<..#
.............##.## ..
#............... ...
#...8....†...######...
#..8.8.......#........
.#.8.@.8......#......##
......8.8................
.......8..........†.....#
...#...........%?.......#
## ###.#...#..###.......#
...+...#..# +.......#
#####...##.# #.......#
.......# #........ #####
# ##.......


There were no monsters in sight!

Vanquished Creatures
  A gnoll (D:1)
  A giant gecko (D:1)
  4 bats
  A giant cockroach (D:1)
  4 goblins (D:1)
  2 hobgoblins (D:1)
  A ball python (D:2)
  A giant newt (D:2)
  8 jackals (D:1)
  A kobold (D:1)
  5 rats (D:1)
29 creatures vanquished.

Notes
Turn   | Place    | Note
--------------------------------------------------------------
     0 | D:1      | abixa the Ghoul Monk began the quest for the Orb.
     0 | D:1      | Reached XP level 1. HP: 19/19 MP: 0/0
   133 | D:1      | Reached skill level 5 in Unarmed Combat
   133 | D:1      | Reached XP level 2. HP: 10/26 MP: 1/1
   258 | D:1      | Reached XP level 3. HP: 23/31 MP: 2/2
   289 | D:1      | HP: 1/31 [hobgoblin/club (3)]
   578 | D:2      | Found a faded altar to an unknown god.
   587 | D:2      | Became a worshipper of Yredelemnul the Dark
   587 | D:2      | Acquired Yredelemnul's first power
   587 | D:2      | Acquired Yredelemnul's second power
   587 | D:2      | Quit the game

Vault maps used:
D:1:      shiori_shiawase
D:2:      ecumenical_altar_2, makhleb_blood_cavern_becter

Action                   || total
-------------------------++-------
Melee: Unarmed           ||    72
 Stab: Sleeping          ||     2
  Eat: Chunk             ||    11
